 Dungeon Crawl Stone Soup version 0.30.0-29-ga12c61a403 (webtiles) character file.

Game seed: 3444525577644395066

132273 booth the Fighter (level 16, -4/140 (141) HPs)
             Began as a Demonspawn Gladiator on June 5, 2023.
             Was a Priest of Okawaru.
             Slain by a spectral spriggan air mage (8 damage)
             ... called from beyond by a ghost crab
             ... on level 1 of the Swamp on June 7, 2023.
             The game lasted 03:51:52 (29452 turns).

booth the Fighter (Demonspawn Gladiator)           Turns: 29452, Time: 03:51:52

HP:   -4/140 (141)  AC: 19    Str: 26    XL:     16   Next: 57%
MP:   19/19         EV: 16    Int: 10    God:    Okawaru [***...]
Gold: 3066          SH: 21    Dex: 19    Spells: 19/20 levels left

rFire   . . .        h - +10 hand axe "Jugifuf" {protect, rElec rC+ rN+ rCorr}
rCold   + . .        K - +4 kite shield "Xuisopso" {Str+5}
rNeg    + . .        k - +1 ring mail {rPois}
rPois   +            D - +0 helmet of Truth {Dex+3 SInv}
rElec   +            F - +2 cloak
rCorr   +            H - +1 pair of gloves
SInv    +            q - +2 pair of boots
Will    ++...        X - amulet of reflection
Stlth   +++++        b - ring of Waone Naoco {rElec Slay+4 Stlth+}
HPRegen 0.43/turn    (no ring)
MPRegen 0.16/turn

%: reflection
@: lightly drained
A: (demonic guardian 2), foul stench 2, sturdy frame 2, demonic touch 2, hooves
1, strong-willed 1, robust 1, wild magic 1
a: Renounce Religion, Heroism


You were on level 1 of the Swamp.
You worshipped Okawaru.
Okawaru was most pleased with you.
You visited 5 branches of the dungeon, and saw 24 of its levels.
You also visited: Sewer.

You collected 3092 gold pieces.
You spent 26 gold pieces at shops.

Inventory:

Hand Weapons
 a - a +2 war axe of draining
 h - the +10 hand axe "Jugifuf" (weapon) {protect, rElec rC+ rN+ rCorr}
   (You found it on level 8 of the Dungeon)

   rC:        It protects you from cold.
   rElec:     It insulates you from electricity.
   rN:        It protects you from negative energy.
   rCorr:     It protects you from acid and corrosion.
 j - a +2 flail of venom
 x - the +2 mace "Besmail" {antimagic, Contam rPois Int+7}
   (You found it on level 14 of the Dungeon)

   Int:       It affects your intelligence (+7).
   rPois:     It protects you from poison.
   Contam:    It causes magical contamination when unequipped.
 O - a +4 morningstar
 Q - a +1 spectral broad axe
 V - the +1 mace of Fear {venom, rF+ Str+3 Int-3}
   (You found it on level 10 of the Dungeon)

   Str:       It affects your strength (+3).
   Int:       It affects your intelligence (-3).
   rF:        It protects you from fire.
 Z - the +7 staff of the Meek {protect, meekguard}
   (You found it on level 12 of the Dungeon)
Missiles
 c - 22 boomerangs
 d - 8 throwing nets
 e - 18 javelins
 g - 4 silver boomerangs
 p - 3 silver javelins (quivered)
 u - 46 poisoned darts
 E - 6 datura-tipped darts
 P - 11 curare-tipped darts
 T - 5 atropa-tipped darts
 W - 6 boomerangs of dispersal
Armour
 k - a +1 ring mail of poison resistance (worn)
 q - a +2 pair of boots (worn)
 D - the +0 helmet of Truth (worn) {Dex+3 SInv}
   (You took it off Robin on level 3 of the Dungeon)

   Dex:       It affects your dexterity (+3).
   SInv:      It lets you see invisible.
 F - a +2 cloak (worn)
 H - a +1 pair of gloves (worn)
 K - the +4 kite shield "Xuisopso" (worn) {Str+5}
   (You acquired it on level 7 of the Dungeon)

   Str:       It affects your strength (+5).
 U - a +2 ring mail of fire resistance
Jewellery
 b - the ring of Waone Naoco (left hand) {rElec Slay+4 Stlth+}
   (You acquired it on level 5 of the Lair of Beasts)

   [ring of slaying]

   Slay:      It affects your accuracy & damage with ranged weapons and melee
   (+4).
   rElec:     It insulates you from electricity.
   Stlth:     It makes you more stealthy.
 v - a ring of fire
 y - a ring of ice
 X - an amulet of reflection (around neck)
Wands
 B - a wand of polymorph (5)
 C - a wand of flame (28)
 J - a wand of roots (33)
 L - a wand of mindburst (17)
 N - a wand of acid (3)
Scrolls
 i - 6 scrolls of fear
 l - 4 scrolls of fog
 m - 4 scrolls of magic mapping
 r - 3 scrolls of poison
 A - 4 scrolls of teleportation
 I - 2 scrolls of blinking
 Y - 5 scrolls of identify
Potions
 f - 7 potions of curing
 n - 6 potions of brilliance
 o - a potion of magic
 s - a potion of flight
 t - 2 potions of might
 w - 10 potions of haste
 z - a potion of cancellation
 G - a potion of lignification
 R - a potion of resistance
 S - a potion of attraction
Miscellaneous
 M - a piece from Xom's chessboard (15/15)


   Skills:
 + Level 12.5 Fighting
 + Level 11.6(12.6) Axes
 + Level 8.2(11.0) Maces & Flails
 + Level 11.1 Throwing
 + Level 10.2 Armour
 - Level 8.4 Dodging
 + Level 8.2 Stealth
 + Level 9.2 Shields
 - Level 2.5 Spellcasting


You had 19 spell levels left.
You knew the following spells:

 Your Spells              Type           Power      Damage    Failure   Level
a - Beastly Appendage     Tmut           2%         N/A       56%         1

Your spell library contained the following spells:

 Spells                   Type           Power      Damage    Failure   Level
 Necrotise                Necr           4%         1d4       56%         1
 Sandblast                Erth           2%         2d4       56%         1
 Shock                    Conj/Air       4%         1d3       56%         1
 Slow                     Hex            4%         N/A       56%         1
 Cigotuvi's Dreadful Rot  Necr/Pois/Air  2%         N/A       71%         2
 Ensorcelled Hibernation  Hex/Ice        2%         N/A       71%         2
 Lesser Beckoning         Tloc           2%         N/A       71%         2
 Passwall                 Tmut/Erth      0%         N/A       71%         2
 Wereblood                Tmut           1%         N/A       71%         2
 Confusing Touch          Hex            1%         N/A       89%         3
 Gell's Gravitas          Tloc           1%         N/A       89%         3
 Ignite Poison            Fire/Tmut/Pois 1%         N/A       89%         3
 Ozocubu's Armour         Ice            1%         N/A       89%         3
 Portal Projectile        Hex/Tloc       2%         N/A       89%         3
 Spider Form              Tmut/Pois      1%         N/A       89%         3
 Stone Arrow              Conj/Erth      2%         3d7       89%         3
 Swiftness                Air            1%         N/A       89%         3
 Teleport Other           Tloc           1%         N/A       89%         3
 Vampiric Draining        Necr           1%         2d6       89%         3
 Airstrike                Air            0%         2d(1-17)  99%         4
 Anguish                  Hex/Necr       0%         N/A       99%         4
 Cause Fear               Hex            0%         N/A       99%         4
 Dispel Undead            Necr           1%         3d6       99%         4
 Passage of Golubria      Tloc           1%         N/A       99%         4
 Agony                    Necr           1%         N/A       100%        5
 Blade Hands              Tmut           0%         N/A       100%        5
 Freezing Cloud           Conj/Ice/Air   0%         6-21      100%        5
 Metabolic Englaciation   Hex/Ice        0%         N/A       100%        5
 Yara's Violent Unravell  Hex/Tmut       0%         3d3       100%        5
 Dispersal                Tloc           0%         N/A       100%        6
 Enfeeble                 Hex            0%         N/A       100%        7
 Ozocubu's Refrigeration  Ice            0%         4d7       100%        7
 Tukima's Dance           Hex            Unusable   N/A       N/A         3
 Death Channel            Necr           Unusable   N/A       N/A         6
 Simulacrum               Ice/Necr       Unusable   N/A       N/A         6

Dungeon Overview and Level Annotations

Branches:
Dungeon (15/15)            Temple (1/1) D:6            Lair (5/5) D:9
  Swamp (1/4) Lair:3       Spider (0/4) Lair:2        Slime (0/5) Lair:4
    Orc (2/2) D:10            Elf (0/3) Orc:2        Vaults (0/5) D:13
 Depths (0/4) D:15          Sewer (visited)

Altars:
Ashenzari
Cheibriados
Dithmenos
Fedhas
Gozag
Hepliaklqana
Kikubaaqudgha
Makhleb
Nemelex Xobeh
Okawaru
Qazlal
Ru
Sif Muna
Trog
Uskayaw
Vehumet
Wu Jian
Xom
Yredelemnul

Shops:
D:2 *   Orc:2 :(((

Annotations:
D:7 2 runed translucent doors, exclusion: statue
D:14 exclusion: ice statue
Lair:4 1 runed translucent door


Innate Abilities, Weirdness & Mutations

((A demonic guardian rushes to your aid.))
You sometimes emit foul miasma when damaged in melee.
Your movements are less encumbered by armour. (ER -4)
Your touch may inflict irresistible damage on your foes.
You have large cloven feet.
You are strong-willed. (Will+)
You are robust. (+10% HP)
Your spells are a little harder to cast, but a little more powerful.


Message History

There is a stone staircase leading down here.
A ghost crab is nearby!
The ghost crab breathes spectral mist at you.
The spectral mist engulfs you but does no damage.
You are engulfed in spectral mist.
You enter the shallow water.
Moving in this stuff is going to be slow.
You block the spectral death drake's attack.
The spectral death drake bites you. You partially resist.
You feel drained.
The spectral death drake fades away!
You block the spectral spriggan air mage's attack.
The spectral spriggan air mage attacks as you move away!
You block the spectral spriggan air mage's attack.
The spectral spriggan air mage fades away!
The ghost crab breathes spectral mist at you.
The spectral mist engulfs you but does no damage.
You are engulfed in spectral mist.
* * * LOW HITPOINT WARNING * * *
The spectral death drake fades away!
The ghost crab breathes spectral mist at you.
The spectral mist engulfs you but does no damage.
You are engulfed in spectral mist.
* * * LOW HITPOINT WARNING * * *
You are engulfed in spectral mist.
The ghost crab breathes spectral mist at you.
The spectral mist engulfs you but does no damage.
The spectral anaconda attacks as you move away!
The spectral anaconda closely misses you.
The spectral anaconda bites you.
* * * LOW HITPOINT WARNING * * *
You are engulfed in spectral mist.
* * * LOW HITPOINT WARNING * * *
You are engulfed in spectral mist.
* * * LOW HITPOINT WARNING * * *
You are engulfed in spectral mist.
* * * LOW HITPOINT WARNING * * *
The ghost crab breathes spectral mist at you.
The spectral mist engulfs the spectral anaconda but does no damage.
The spectral spriggan air mage hits you!
You die...

.....§....~.☼♣ w~~.~§~.♣
..~~~~~..~~.♣♣ ..~~~~~~.......~.♣
♣♣.......~~.♣♣♣♣..~~.~.~...~.~..♣
♣♣.~~~.~...○~♣~...~~~~..........~
♣~..~§~~~..○♣♣~~~.~~~~........~.~
♣♣~..~~~~~.~t♣♣☼Z☼§~...w......~~~
♣♣♣♣..~~..~Z§○○○§§.~.........^..
♣§.~~..♣°°☼Z§§§.......♣......
♣~.~~~~~°§§Z@○♣.......♣♣..:..
♣~..~~~.☼Z♣♣♣♣♣~.....♣.......
♣♣...~Z.♣~○♣♣♣........♣.......
♣~..~~○..♣♣♣♣.~~.~............
♣♣~..~~°○♣♣♣~.~~~.............
♣~.~~§☼.♣♣..~~~~~~..........~
♣~.~~♣♣♣♣♣~~~.~.......~~~.~~.
♣~..♣♣~....~~..~§~..~.....†..
♣♣..♣♣~~~§~..~~♣♣♣♣...♣♣.....


You could see a ghost crab, a spectral anaconda (summoned), a spectral death
drake (summoned), 2 spectral alligator snapping turtles, a spectral spriggan
berserker (summoned), a spectral spriggan air mage (summoned) and a swamp worm
(wandering).

Vanquished Creatures
  Kirke (Lair:5)
  A stone giant (D:15)
  Nessos (Lair:4)
  A dire elephant (Lair:5)
  A bunyip (Swamp:1)
  Snorg (Lair:3)
  A fire dragon (D:14)
  Harold (Lair:2)
  A rakshasa (D:15)
  7 hydras
  8 vault guards (D:13)
  A ghost crab (Swamp:1)
  4 boulder beetles
  3 centaur warriors
  A catoblepas (Lair:5)
  Erica (Lair:1)
  An orc high priest (Orc:2)
  3 two-headed ogres
  11 death yaks
  3 skysharks
  A goliath frog (Swamp:1)
  5 skeletal warriors (D:15)
  A bog body (Swamp:1)
  A lindwurm (Lair:5)
  An obsidian statue (D:15)
  A phantasmal warrior (D:14)
  A swamp dragon (Swamp:1)
  An orc knight (Orc:1)
  Pikel (D:6)
  4 deep elf pyromancers
  4 orc sorcerers (Orc:2)
  2 manticores
  6 ugly things
  6 cyclopes
  9 elephants (Lair:5)
  A water nymph (shapeshifter) (D:14)
  5 black mambas
  A gargoyle (D:10)
  A smoke demon (D:15)
  Joseph (Lair:1)
  13 cane toads
  An unseen horror (D:12)
  A rime drake (Lair:5)
  13 komodo dragons
  3 kobold demonologists
  2 efreet
  A tengu conjurer (D:14)
  5 trolls
  2 red devils (D:15)
  20 polar bears
  2 hornets (Swamp:1)
  A tyrant leech (Swamp:1)
  17 blink frogs
  4 raiju (Lair:5)
  5 dream sheep (Lair:4)
  2 jumping spiders (Lair:2)
  A centaur simulacrum (D:10)
  A jumping spider (shapeshifter) (D:15)
  12 slime creatures
  2 spriggans (Swamp:1)
  A ynoxinul (D:15)
  4 wyverns
  A shadow (D:12)
  3 humans (Lair:5)
  3 water elementals
  4 wraiths
  4 basilisks
  50 yaks
  2 hogs (Lair:5)
  2 steam dragons
  8 vampire mosquitoes
  A neqoxec (D:15)
  A redback (Lair:2)
  Edmund (D:5)
  7 wargs
  Menkaure (D:6)
  9 water moccasins
  13 hell hounds (Lair:5)
  26 orc warriors
  6 ice beasts
  3 sky beasts
  14 black bears
  3 ogres
  5 boggarts (D:14)
  26 wolves
  3 centaurs
  A phantom (D:5)
  5 kobold brigands
  8 bullfrogs
  3 scorpions
  4 wights (D:7)
  16 killer bees
  6 electric eels
  2 crimson imps (D:15)
  2 hounds (D:6)
  A quasit (D:15)
  24 orc priests
  30 orc wizards
  Ijyb (D:5)
  7 iguanas
  A sleepcap (D:6)
  A mummy (D:13)
  Robin (D:3)
  A gnoll (D:6)
  10 adders
  7 white imps
  A worm (D:2)
  3 dart slugs
  109 orcs
  8 ball pythons
  11 bats
  5 endoplasms
  3 giant cockroaches
  19 goblins
  10 hobgoblins
  3 jackals (D:3)
  3 quokkas
  9 frilled lizards
  35 kobolds
  6 rats
770 creatures vanquished.

Vanquished Creatures (collateral kills)
  Sigmund (D:5)
  2 gnolls (D:6)
  A white imp (D:5)
4 creatures vanquished.

Vanquished Creatures (others)
  A will-o-the-wisp (Swamp:1)
  A bloated husk (Swamp:1)
  An orc wizard (Orc:2)
  2 shadow imps (D:15)
  A white imp (D:15)
  3 ufetubi (D:15)
  10 foxfires (Swamp:1)
19 creatures vanquished.

Grand Total: 793 creatures vanquished

Notes
Turn   | Place    | Note
-------+----------+-------------------------------------------
     0 | D:1      | booth the Demonspawn Gladiator began the quest for the Orb.
     0 | D:1      | Reached XP level 1. HP: 16/16 MP: 1/1
   188 | D:1      | Gained mutation: Your touch may inflict minor irresistible
                  | damage on your foes. [demonic ancestry]
   188 | D:1      | Reached XP level 2. HP: 22/22 MP: 2/2
   868 | D:1      | Gained mutation: Your movements are slightly less
                  | encumbered by armour. (ER -2) [demonic ancestry]
   868 | D:1      | Reached XP level 3. HP: 28/28 MP: 3/3
  1406 | D:2      | Found Wat Voma's General Store.
  1415 | D:2      | Bought a scroll of identify for 26 gold pieces
  1774 | D:2      | Learned a level 1 spell: Beastly Appendage
  2137 | D:3      | Gained mutation: You may rarely emit foul miasma when
                  | damaged in melee. [demonic ancestry]
  2137 | D:3      | Reached XP level 4. HP: 15/34 MP: 4/4
  2305 | D:3      | Found a glowing drain.
  2314 | Sewer    | Entered a sewer
  2568 | Sewer    | Noticed a kobold brigand
  2575 | Sewer    | Reached skill level 3 in Fighting
  2575 | Sewer    | Killed a kobold brigand
  2576 | Sewer    | Reached XP level 5. HP: 32/41 MP: 5/5
  2911 | D:3      | Found a runed translucent door.
  2911 | D:3      | Noticed a human
  2915 | D:3      | Found a basalt altar of Yredelemnul.
  3167 | D:3      | Identified the +0 helmet of Truth {Dex+3 SInv}
  3167 | D:3      | Noticed Robin
  3176 | D:3      | Killed Robin
  3534 | D:4      | Reached XP level 6. HP: 47/47 MP: 6/6
  3806 | D:4      | Identified the +0 pair of gloves of Mulie {-Cast Harm +Inv
                  | Dex+2}
  4037 | D:4      | Found an ornate altar of the Wu Jian Council.
  4044 | D:4      | Noticed a spectral centipede
  4044 | D:4      | Noticed a spectral black mamba
  4044 | D:4      | Noticed a spectral cane toad
  4432 | D:4      | Found an ancient bone altar of Kikubaaqudgha.
  4598 | D:5      | Entered Level 5 of the Dungeon
  4598 | D:5      | Noticed an ice beast
  4608 | D:5      | Killed an ice beast
  4609 | D:5      | Reached skill level 4 in Fighting
  4663 | D:5      | Gained mutation: A weak demonic guardian rushes to your
                  | aid. [demonic ancestry]
  4663 | D:5      | Reached XP level 7. HP: 36/54 MP: 7/7
  4916 | D:5      | Noticed Edmund
  4929 | D:5      | Noticed Sigmund
  4931 | D:5      | Killed Edmund
  4942 | D:5      | Killed Sigmund
  4943 | D:5      | Reached skill level 5 in Axes
  4943 | D:5      | Reached skill level 5 in Dodging
  4943 | D:5      | Gained mutation: Your touch may inflict irresistible damage
                  | on your foes. [demonic ancestry]
  4943 | D:5      | Reached XP level 8. HP: 46/61 MP: 8/8
  5048 | D:5      | Reached skill level 5 in Fighting
  5055 | D:5      | Noticed Ijyb
  5066 | D:5      | Killed Ijyb
  5165 | D:5      | Found a hazy altar of Hepliaklqana.
  5435 | D:5      | Gained mutation: You have hidden genetic potential. [potion
                  | of mutation]
  5435 | D:5      | Gained mutation: You are robust. (+10% HP) [potion of
                  | mutation]
  5435 | D:5      | Gained mutation: You are strong-willed. (Will+) [potion of
                  | mutation]
  5644 | D:6      | Reached skill level 1 in Armour
  5646 | D:6      | Noticed Pikel
  5665 | D:6      | Killed Pikel
  5666 | D:6      | Reached skill level 5 in Throwing
  5999 | D:6      | Reached XP level 9. HP: 75/75 MP: 9/9
  6003 | D:6      | Found a hide-covered altar of Uskayaw.
  6107 | D:6      | Found a stormy altar of Qazlal.
  6113 | D:6      | Found a shadowy altar of Dithmenos.
  6324 | D:6      | Found a burning altar of Makhleb.
  6328 | D:6      | Found a staircase to the Ecumenical Temple.
  6341 | Temple   | Entered the Ecumenical Temple
  6394 | Temple   | Became a worshipper of Warmaster Okawaru
  6412 | D:6      | Reached skill level 6 in Fighting
  6658 | D:6      | Noticed Menkaure
  6663 | D:6      | Killed Menkaure
  6669 | D:6      | Gained mutation: You have large cloven feet. [hidden
                  | potential]
  6857 | D:7      | Found a runed translucent door.
  6859 | D:7      | Found a runed translucent door.
  6932 | D:7      | Reached * piety under Okawaru
  8048 | D:7      | Found a radiant altar of Vehumet.
  8650 | D:7      | Identified a scroll of acquirement
  8650 | D:7      | Acquired the +4 kite shield "Xuisopso" {Str+5}
  8779 | D:8      | Reached skill level 7 in Fighting
  8779 | D:8      | Gained mutation: A demonic guardian rushes to your aid.
                  | [demonic ancestry]
  8779 | D:8      | Reached XP level 10. HP: 58/86 MP: 10/10
  8788 | D:8      | Reached ** piety under Okawaru
  9038 | D:8      | Identified the +10 hand axe "Jugifuf" {protect, rElec rC+
                  | rN+ rCorr}
  9156 | D:8      | Reached skill level 1 in Shields
  9168 | D:8      | Gained mutation: Your spells are a little harder to cast,
                  | but a little more powerful. [hidden potential]
  9168 | D:8      | Lost mutation: You have hidden genetic potential. [hidden
                  | potential expressed]
  9254 | D:8      | Identified the staff of air "Hump" {rElec Int+2}
  9295 | D:8      | Found a shimmering altar of Xom.
  9379 | D:8      | Found a snail-covered altar of Cheibriados.
  9469 | D:8      | Found a sacrificial altar of Ru.
  9851 | D:9      | Reached *** piety under Okawaru
  9857 | D:9      | Reached skill level 5 in Armour
  9872 | D:9      | Received a gift from Okawaru
 10009 | D:9      | Noticed a death yak
 10022 | D:9      | Killed a death yak
 10022 | D:9      | Noticed a death yak
 10044 | D:9      | Noticed a death yak
 10044 | D:9      | Noticed a death yak
 10044 | D:9      | Noticed a death yak
 10069 | D:9      | Killed a death yak
 10070 | D:9      | Reached skill level 8 in Fighting
 10079 | D:9      | Killed a death yak
 10079 | D:9      | Reached **** piety under Okawaru
 10080 | D:9      | Reached XP level 11. HP: 73/94 MP: 8/11
 10090 | D:9      | Killed a death yak
 10101 | D:9      | Killed a death yak
 10321 | D:9      | Found a staircase to the Lair.
 10391 | D:9      | Noticed a boulder beetle
 10457 | D:9      | Killed a boulder beetle
 10567 | D:9      | Reached ***** piety under Okawaru
 10592 | D:9      | Received a gift from Okawaru
 10968 | D:10     | Entered Level 10 of the Dungeon
 10985 | D:10     | Found a bloodstained altar of Trog.
 11035 | D:10     | Received a gift from Okawaru
 11310 | D:10     | Noticed a two-headed ogre
 11320 | D:10     | Killed a two-headed ogre
 11320 | D:10     | Received a gift from Okawaru
 11481 | D:10     | Reached skill level 9 in Fighting
 11499 | D:10     | Found a flagged portal.
 11568 | D:10     | Identified the +1 mace of Fear {venom, rF+ Str+3 Int-3}
 11695 | D:10     | Found a staircase to the Orcish Mines.
 12184 | D:11     | Reached XP level 12. HP: 104/104 MP: 12/12
 12207 | D:11     | Reached skill level 5 in Shields
 12358 | D:11     | Reached skill level 1 in Maces & Flails
 12380 | D:11     | Reached skill level 1 in Stealth
 12816 | D:11     | Received a gift from Okawaru
 13417 | D:12     | Found the +7 staff of the Meek {protect, meekguard}
 13589 | D:12     | Noticed a two-headed ogre
 13633 | D:12     | Killed a two-headed ogre
 13953 | Lair:1   | Entered Level 1 of the Lair of Beasts
 14064 | Lair:1   | Noticed Joseph
 14086 | Lair:1   | Killed Joseph
 14384 | Lair:1   | Found a burning altar of Makhleb.
 14384 | Lair:1   | Noticed Erica
 14402 | Lair:1   | Killed Erica
 15237 | Lair:2   | Noticed a seven-headed hydra
 15253 | Lair:2   | Killed a seven-headed hydra
 15253 | Lair:2   | Received a gift from Okawaru
 15351 | Lair:2   | Reached XP level 13. HP: 113/113 MP: 11/13
 15491 | Lair:2   | Noticed Harold
 15507 | Lair:2   | Killed Harold
 15507 | Lair:2   | Received a gift from Okawaru
 15508 | Lair:2   | Reached skill level 10 in Fighting
 15697 | Lair:2   | Found a hole to the Spider Nest.
 16403 | Lair:3   | Noticed Snorg
 16420 | Lair:3   | Killed Snorg
 16548 | Lair:3   | Found a staircase to the Swamp.
 17309 | Lair:4   | Noticed Nessos
 17417 | Lair:4   | Received a gift from Okawaru
 17629 | Lair:4   | Received a gift from Okawaru
 17630 | Lair:4   | Reached skill level 5 in Stealth
 17773 | Lair:4   | Identified the +1 war axe of Eternal Vigilance {flame,
                  | SInv}
 17894 | Lair:4   | Killed Nessos
 17895 | Lair:4   | Reached skill level 5 in Maces & Flails
 18154 | Lair:4   | Found a runed translucent door.
 18158 | Lair:4   | Found a staircase to the Slime Pits.
 18159 | Lair:4   | Noticed an azure jelly
 18159 | Lair:4   | Noticed an azure jelly
 18484 | Lair:5   | Entered Level 5 of the Lair of Beasts
 18647 | Orc:1    | Entered Level 1 of the Orcish Mines
 19037 | Orc:2    | Entered Level 2 of the Orcish Mines
 19247 | Orc:2    | Reached skill level 10 in Axes
 19278 | Orc:2    | Found a staircase to the Elven Halls.
 19473 | Orc:2    | Gained mutation: You sometimes emit foul miasma when
                  | damaged in melee. [demonic ancestry]
 19473 | Orc:2    | Reached XP level 14. HP: 65/121 MP: 14/14
 19488 | Orc:2    | Received a gift from Okawaru
 19558 | Orc:2    | Found Aceosam's Book Shoppe.
 19565 | Orc:2    | Found Isasisoh's Weapon Emporium.
 19565 | Orc:2    | Found Qeybijobb's Weapon Emporium.
 19566 | Orc:2    | Found Awkeuhin's Antique Weapon Shoppe.
 20084 | Lair:5   | Received a gift from Okawaru
 20420 | Lair:5   | Reached skill level 10 in Throwing
 20464 | Lair:5   | Reached skill level 11 in Fighting
 20537 | Lair:5   | Reached ****** piety under Okawaru
 20537 | Lair:5   | Received a gift from Okawaru
 20614 | Lair:5   | Gained mutation: Your movements are less encumbered by
                  | armour. (ER -4) [demonic ancestry]
 20614 | Lair:5   | Reached XP level 15. HP: 103/130 MP: 11/18
 20618 | Lair:5   | Acquired the ring of Waone Naoco {rElec Slay+4 Stlth+}
 21543 | Lair:5   | Noticed Kirke
 21544 | Lair:5   | Noticed a sphinx
 21583 | Lair:5   | Killed Kirke
 21961 | Lair:5   | Received a gift from Okawaru
 23126 | D:13     | Found a gate to the Vaults.
 23163 | D:13     | Received a gift from Okawaru
 23202 | D:13     | Reached skill level 12 in Fighting
 23216 | D:13     | Received a gift from Okawaru
 23224 | D:13     | Reached XP level 16. HP: 115/139 MP: 19/19
 24000 | D:13     | Found a snail-covered altar of Cheibriados.
 24792 | D:14     | Found a frozen archway.
 24840 | D:14     | Received a gift from Okawaru
 25365 | D:14     | Identified the +6 chain mail of Paibeg {Str+7}
 25850 | D:14     | Identified the +2 mace "Besmail" {antimagic, Contam rPois
                  | Int+7}
 26036 | D:14     | Identified the +0 robe of the Shore {Harm rPois Will+}
 26306 | D:15     | Entered Level 15 of the Dungeon
 26562 | D:15     | Reached skill level 10 in Armour
 26609 | D:15     | Received a gift from Okawaru
 26881 | D:15     | Found a shadowy altar of Dithmenos.
 27324 | D:15     | Found a staircase to the Depths.
 28651 | Swamp:1  | Entered Level 1 of the Swamp
 28752 | Swamp:1  | Received a gift from Okawaru
 29452 | Swamp:1  | HP: 3/140 [ghost crab] (9)]
 29452 | Swamp:1  | Slain by a spectral spriggan air mage

Illustrated notes

Levels and vault maps discovered:
D:1:      dpeg_arrival_rhombi, layout_loops_corners
D:2:      layout_basic, serial_shops, nicolae_shop_advertising_works
          [nicolae_subvault_shop_adworks]
D:3:      kennysheep_goblin_castle, layout_basic, elyvilon_altar_3,
          dk_yredelemnul_ordeal, portal_sewer_entry_d, item_on_display_a,
          uniq_robin
D:4:      layout_basic, nicolae_overflow_crystal_walls,
          pdpol_wu_jian_five_deadly_venoms, minmay_lizard_king
D:5:      layout_cave_pools, mainiacjoe_overflow_paths, uniq_edmund, uniq_ijyb,
          uniq_sigmund
D:6:      layout_basic, eat_drink_and_be_merry_uskayaw,
          mainiacjoe_overflow_divided_tiny, bloody_makhleb,
          minmay_temple_entry_trees, uniq_pikel, uniq_menkaure
D:7:      lemuel_insect_pit, layout_layer_cave, vehumet_statue,
          minmay_crystal_water
D:8:      layout_rooms, kennysheep_mini, nicolae_overflow_squiral,
          serial_bayou_ford_a, minmay_hedge_maze, dk_vineyard_2,
          minmay_increasing_density
D:9:      layout_roguey [special_room_orc], dpeg_lair_monsters
D:10:     layout_rooms, zin_treasury, trog_ov_bears_minmay, hiddenorc2_lemuel,
          serial_ice, serial_ice_g, serial_ice_m, serial_ice_j, serial_ice_o,
          enter_bailey_5, st_stairs_10
D:11:     layout_layer_cave
D:12:     layout_rooms
D:13:     layout_basic, erik_vaults_2, slow_altar_1
D:14:     kennysheep_bubble_arena, layout_long_grid,
          portal_ice_cave_entry_ice_statue_one, serial_bayou_shore_b,
          eino_curves_02
D:15:     grunt_enter_depths_giant_problem, layout_long_grid,
          nicolae_dithmenos_through_a_glass_darkly, hangedman_devilish_allure
Temple:   hellmonk_temple_of_storms
Lair:1:   layout_gridlike, basic_altar, serial_bayou_shore_b, uniq_erica,
          uniq_joseph
Lair:2:   layout_gridlike, spider_nest_entry_a, uniq_harold
Lair:3:   layout_layer_cave, swamp_mist, chequers_serial_rivers_room_b,
          uniq_snorg
Lair:4:   layout_regular_city, slime_entry_2, st_stairs_8, beast_lair_carwin_6,
          lemuel_fruit_fields, serial_bayou_shore_a, serial_bayou_shore_b,
          uniq_nessos
Lair:5:   hangedman_lair_caniforms_friends, layout_small_grid, minivault_23,
          wad_woods_river_01, serial_bayou_shore_b, uniq_kirke
Swamp:1:  layout_basic_swamp, nicolae_swamp_round_clearing,
          nicolae_swamp_some_circles, infiniplex_staircase_pool
Orc:1:    layout_caves, ebering_ghost_xom
Orc:2:    st_orc_mages, layout_caves, basic_altar

Skill      XL: |  1  2  3  4  5  6  7  8  9 10 11 12 13 14 15 16 |
---------------+-------------------------------------------------+-----
Throwing       | 2 3 4 5 6 7 8 9 10 11 | 11.1
Axes           | 3 4 5 6 7 8 9 10 11 | 11.6
Dodging        | 3 4 5 6 7 8 |  8.4
Fighting       | 3 4 5 7 8 9 10 11 12 | 12.5
Armour         | 2 4 5 6 7 8 9 10 | 10.2
Shields        | 3 4 6 7 8 9 |  9.2
Maces & Flails | 3 5 6 7 8 |  8.2
Stealth        | 3 5 6 7 8 |  8.2
Spellcasting   | 2 |  2.5

Action                     |  1- 3 |  4- 6 |  7- 9 | 10-12 | 13-15 | 16-18 || total
---------------------------+-------+-------+-------+-------+-------+-------++-------
  Melee: War axe           |    91 |   146 |   192 |     9 |       |       ||   438
         Punch             |     1 |       |     2 |       |       |       ||     3
         Touch             |     7 |    17 |    38 |       |       |       ||    62
         Hand axe          |       |       |       |   761 |  1155 |   388 ||  2304
         Mace              |       |       |       |     8 |    64 |     7 ||    79
  Throw: Dart              |       |     1 |     7 |    33 |    26 |       ||    67
         Javelin           |       |     1 |       |    32 |     6 |     7 ||    46
         Boomerang         |       |       |       |     1 |     1 |     1 ||     3
 Invoke: Heroism           |       |       |     1 |    19 |    25 |    11 ||    56
         Finesse           |       |       |       |       |     1 |       ||     1
  Evoke: Wand              |       |       |     4 |     3 |       |       ||     7
    Use: Scroll            |     8 |     4 |    10 |     9 |     7 |     3 ||    41
         Potion            |     1 |     2 |     5 |     3 |     3 |     3 ||    17
   Stab: Sleeping          |       |     4 |     1 |     1 |       |     5 ||    11
         Distracted        |       |       |       |       |     1 |     3 ||     4
         Petrified         |       |       |       |       |     4 |       ||     4
 Armour: Leather armour    |    37 |       |       |       |       |       ||    37
         Robe              |       |    63 |    76 |   110 |       |       ||   249
         Troll leather arm |       |       |       |    41 |   113 |       ||   154
         Ring mail         |       |       |       |       |   189 |   111 ||   300
  Dodge: Dodged            |    65 |   115 |   172 |   293 |   457 |   142 ||  1244
  Block: Kite shield       |       |       |     9 |   578 |  1200 |   347 ||  2134
         Reflection        |       |       |       |     9 |    12 |    20 ||    41
